Map: Newkirk Precinct TE (Void)

Players

Oobios - Winner!

  • Race: Zerg Zerg
  • Spawn Location: 5:00

RaiN

  • Race: Protoss Protoss
  • Spawn Location: 7:00

Event: WCS Austin 2017

VOD

Have the link to the VOD?

Description

Time

  • Played on: April 28, 2017, 1:56 p.m.
  • Length: 4:50

All games in this series

Show
View Real Time Build Order
Export as new Build Order

Oobios Zerg - Winner!

Build Orders: Pool First, Zergling Baneling 

Get SALT Encoding   

  12  0:01  Drone  
  13  0:13  Overlord  
  13  0:18  Drone  
  14  0:31  Drone x2  
  16  0:36  Drone  
  17  0:47  Spawning Pool  
  17  0:49  Extractor  
  15  0:52  Drone  
  16  0:58  Drone  
  17  1:07  Drone  
  18  1:24  Hatchery  
  17  1:29  Drone  
  17  1:30  Drone  
  19  1:41  Queen  
  21  1:47  Zergling x2  
  21  1:52  Metabolic Boost  
  22  2:05  Overlord  
  22  2:23  Drone, Queen  
  22  2:24  Drone x2  
  27  2:35  Drone  
  28  2:37  Drone  
  29  2:48  Overlord  
  29  2:49  Drone  
  29  2:50  Drone  
  29  2:51  Drone  
  32  2:52  Drone, Baneling Nest  
  32  2:57  Drone  
  34  2:58  Drone  
  34  3:15  Overlord  
  33  3:27  Zergling x4  
  33  3:28  Zergling x2  
  33  3:29  Zergling x2  
  33  3:30  Zergling x6  
  33  3:32  Zergling x2  
  33  3:33  Zergling x4  
  43  3:43  Zergling x2  
  44  3:50  Zergling x4  
  46  3:57  Zergling x10  
  46  4:01  Baneling  
  46  4:02  Baneling  
  51  4:03  Baneling x5  
  51  4:04  Overlord, Baneling x2  
  51  4:05  Overlord  
  51  4:23  Zergling x6  
  51  4:24  Zergling x4  
  53  4:45  Spore Crawler  
Show
View Real Time Build Order
Export as new Build Order

RaiN Protoss 

Build Orders:  

Get SALT Encoding   

  12  0:00  Probe (Chrono Boost)  
  13  0:11  Probe (Chrono Boost)  
  14  0:19  Pylon  
  14  0:23  Probe (Chrono Boost)  
  15  0:37  Probe (Chrono Boost)  
  15  0:41  Gateway  
  16  0:46  Assimilator  
  16  0:47  Probe (Chrono Boost)  
  17  0:58  Probe (Chrono Boost)  
  18  1:09  Probe (Chrono Boost)  
  19  1:26  Probe (Chrono Boost)  
  19  1:29  Cybernetics Core  
  20  1:33  Pylon, Gateway  
  20  1:36  Zealot  
  20  1:38  Probe (Chrono Boost)  
  23  1:43  Assimilator  
  23  1:52  Probe (Chrono Boost)  
  24  2:03  Probe (Chrono Boost)  
  24  2:04  Adept  
  27  2:14  Twilight Council  
  27  2:22  Probe (Chrono Boost)  
  28  2:25  Adept  
  30  2:30  Warp Gate  
  30  2:31  Pylon  
  30  2:40  Probe (Chrono Boost)  
  31  2:45  Resonating Glaives  
  31  2:54  Probe (Chrono Boost), Adept  
  34  3:05  Adept  
  36  3:08  Probe (Chrono Boost)  
  37  3:20  Nexus  
  37  3:28  Adept  
  39  3:37  Pylon  
  39  3:55  Adept  
  42  3:56  Stargate  
  42  3:57  Probe (Chrono Boost)  
  42  4:08  Gateway  
  42  4:09  Probe (Chrono Boost)  
  43  4:21  Probe (Chrono Boost)  
  43  4:22  Pylon  
  44  4:33  Probe (Chrono Boost)  
  44  4:36  Probe (Chrono Boost)  
Tags
 
Add a new tag
Caveats
  • Supply blocks, unpowered buildings, or Contaminate may cause inaccurate times.
  • Supply counts are checked every 10 seconds.